Map: Lerilak Crest

Players

xKawaiian - Winner!

  • Race: Terran Terran
  • League: Master

daffyduck

  • Race: Zerg Zerg
  • League: Master

VOD

Have the link to the VOD?

Description

Time

  • Played on: Jan. 13, 2016, 7:38 a.m.
  • Length: 4:57
Show
View Real Time Build Order
Export as new Build Order

xKawaiian Terran - Winner!

Build Orders: Reaper Expand 

Get SALT Encoding   

  12  0:01  SCV  
  13  0:13  SCV  
  14  0:17  Supply Depot  
  14  0:25  SCV  
  15  0:38  SCV  
  15  0:40  Barracks  
  16  0:45  Refinery  
  16  0:51  SCV  
  17  1:03  SCV  
  18  1:15  SCV  
  19  1:28  Reaper, Orbital Command  
  20  1:40  Command Center  
  20  1:50  Supply Depot  
  20  1:53  SCV  
  21  2:02  Barracks Reactor  
  21  2:06  SCV  
  22  2:20  Command Center  
  22  2:23  SCV  
  23  2:34  Factory  
  23  2:35  SCV  
  23  2:37  Marine  
  23  2:38  Marine  
  25  2:47  SCV  
  26  2:55  Marine  
  26  2:56  Orbital Command, Marine  
  28  3:04  SCV  
  29  3:16  SCV  
  30  3:23  Armory  
  30  3:24  Hellion x2  
  30  3:26  SCV  
  35  3:29  SCV  
  36  3:35  Orbital Command  
  36  3:36  Supply Depot  
  36  3:38  SCV  
  36  3:41  SCV  
  38  3:42  Refinery  
  38  3:45  Hellion  
  40  3:49  Hellion  
  40  3:51  Barracks Tech Lab  
  42  3:56  SCV x2  
  44  4:07  Hellion  
  44  4:08  SCV  
  44  4:09  SCV  
  48  4:10  SCV  
  48  4:11  Hellion  
  51  4:17  Marine  
  51  4:19  Starport  
  52  4:28  Hellion  
  54  4:31  SCV  
  54  4:32  SCV  
  54  4:33  SCV  
  54  4:35  Marine  
  54  4:37  Barracks  
  58  4:41  Barracks  
  58  4:43  SCV  
Show
View Real Time Build Order
Export as new Build Order

daffyduck Zerg 

Build Orders: Hatch First 

Get SALT Encoding   

  12  0:01  Drone  
  13  0:12  Overlord  
  13  0:17  Drone  
  14  0:31  Drone x2  
  14  0:35  Drone  
  17  0:46  Drone  
  18  0:55  Hatchery  
  17  0:58  Drone  
  18  1:07  Drone  
  19  1:12  Extractor  
  19  1:18  Spawning Pool  
  17  1:19  Drone  
  18  1:32  Drone  
  19  1:41  Drone  
  20  1:52  Overlord  
  20  2:07  Queen x2  
  24  2:08  Zergling x2  
  24  2:09  Zergling x2  
  24  2:11  Metabolic Boost  
  26  2:18  Drone  
  26  2:22  Drone x2  
  28  2:32  Drone  
  28  2:36  Extractor  
  28  2:39  Drone  
  28  2:40  Drone  
  31  2:48  Queen  
  31  2:49  Overlord  
  33  3:01  Drone  
  33  3:02  Drone  
  33  3:04  Lair  
  35  3:11  Baneling Nest  
  34  3:17  Drone x4  
  34  3:18  Drone x3  
  41  3:23  Overlord  
  41  3:34  Drone x2  
  43  3:35  Extractor  
  43  3:36  Extractor  
  41  3:49  Drone x2  
  41  3:50  Drone x6  
  49  4:00  Overlord  
  49  4:05  Hatchery, Zergling x4  
  49  4:06  Zergling x2  
  50  4:22  Drone x5, Extractor  
  54  4:26  Evolution Chamber  
  52  4:35  Baneling x4  
Tags
 
Add a new tag
Caveats
  • Supply blocks, unpowered buildings, or Contaminate may cause inaccurate times.
  • Supply counts are checked every 10 seconds.